 Dungeon Crawl Stone Soup version 0.27.0-1-g7a089689b8 (webtiles) character file.

Game seed: 14261471463728823283

5488 EnegeticOcto the Cleaver (level 10, -2/90 HPs)
             Began as a Minotaur Fighter on Aug 8, 2021.
             Was a Believer of Cheibriados.
             Engulfed by a smoke demon's steam (10 damage)
             ... on level 3 of the Abyss.
             The game lasted 00:05:11 (9484 turns).

EnegeticOcto the Cleaver (Minotaur Fighter)         Turns: 9484, Time: 00:05:12

Health: -2/90      AC: 17    Str: 37    XL:     10   Next: 42%
Magic:  12/12      EV: 13    Int: 11    God:    Cheibriados [**....]
Gold:   1319       SH: 13    Dex: 15    Spells: 9/9 levels left

rFire    . . .     SeeInvis .   x - +6 war axe (freeze)
rCold    . . .     Faith    .   c - +0 kite shield
rNeg     . . .     Spirit   .   A - +0 chain mail
rPois    .         Reflect  .   (helmet restricted)
rElec    .         Harm     .   l - +0 cloak
rCorr    .         Rampage  .   q - +2 pair of gloves
Will     .....                  r - +0 pair of boots
Stlth    ..........             i - amulet of regeneration
HPRegen  0.00/turn              s - +6 ring of strength
MPRegen  0.13/turn              C - +4 ring of evasion

@: diseased, slowed, very slow
A: horns 2, retaliatory headbutt
a: Renounce Religion, Bend Time


You were on level 3 of the Abyss.
You worshipped Cheibriados.
Cheibriados was pleased with you.
You visited 1 branch of the dungeon, and saw 10 of its levels.
You visited the Abyss 1 time.

You collected 1319 gold pieces.

Inventory:

Hand Weapons
 a - a +0 vampiric war axe
 x - a +6 war axe of freezing (weapon)
Missiles
 h - 2 throwing nets (quivered)
Armour
 c - a +0 kite shield (worn)
 l - a +0 cloak (worn)
 q - a +2 pair of gloves (worn)
 r - a +0 pair of boots (worn)
 A - a +0 chain mail (worn)
 D - a +2 plate armour of willpower
Jewellery
 i - an amulet of regeneration (around neck)
 s - a +6 ring of strength (left hand)
 v - a ring of protection from cold
 y - an amulet of the acrobat
 C - a +4 ring of evasion (right hand)
Wands
 f - a wand of digging (7) {@v3}
 t - a wand of acid (10) {@v1}
 u - a wand of paralysis (15)
Scrolls
 b - 2 scrolls of identify {@r1}
 n - a scroll of teleportation {@r3}
 p - a scroll of fog
Potions
 d - a potion of might {@q3}
 e - a potion of lignification
 g - 7 potions of curing {@q1}
 k - a potion of cancellation
 m - a potion of degeneration
 o - a potion of brilliance
 w - 2 potions of flight
 z - a potion of invisibility {unknown}
Miscellaneous
 B - a box of beasts


   Skills:
 + Level 8.7 Fighting
 * Level 11.3 Axes
 + Level 8.8 Armour
 + Level 2.3 Dodging
 + Level 8.8 Shields
 + Level 4.0 Invocations


You had 9 spell levels left.
You didn't know any spells.
Your spell library was empty.

Dungeon Overview and Level Annotations

Branches:
Dungeon (10/15)            Temple (0/1) D:6            Lair (0/6) D:8
    Orc: D:9-12

Altars:
Ashenzari
Cheibriados
Dithmenos
Elyvilon
Fedhas
Gozag
Hepliaklqana
Nemelex Xobeh
Okawaru
Qazlal
Sif Muna
Xom
Zin

Annotations:
D:10 Erica


Innate Abilities, Weirdness & Mutations

You have a pair of horns on your head.
You reflexively headbutt those who attack you in melee.


Message History

No target in view!
No target in view!
No target in view!
No target in view!
No target in view!
No target in view!
No target in view!
Found a scroll of identify.
You now have 1319 gold pieces (gained 20).
Found a plate armour.
You feel yourself growing ill in the presence of the ancient zyme.
Found 17 gold pieces.
You feel ill.
You feel ill. x2
Found a glowing plate armour.
You slash the ancient zyme! You freeze the ancient zyme.
The ancient zyme is moderately damaged.
You block the ancient zyme's attack. x2
You slice the ancient zyme!! You freeze the ancient zyme!
You headbutt the ancient zyme.
You destroy the ancient zyme!
Cheibriados appreciates the change of pace.
No target in view!
No target in view!
No target in view!
No target in view!
No target in view!
No target in view!
No target in view!
Found a leather armour.
Found a gateway leading out of the Abyss.
A spatial vortex comes into view.
The spatial vortex moves out of view.
The lich gestures at you while chanting.
The bolt of cold misses you.
The lich conjures a glowing orb.
A smoke demon comes into view.
The smoke demon roars!
An orb of destruction comes into view.
You see here a +2 plate armour of willpower.
D - a +2 plate armour of willpower The smoke demon gestures at you.
The sticky flame misses you. The orb of destruction hits you!!!
Ouch! That really hurt!
The lich splashes around in the water.
The lich casts a spell.
The lich seems to speed up.
You barely miss the lich. You headbutt the lich.
The lich is lightly damaged.
You block the lich's attack. The smoke demon gestures at you.
Something smites you!
You closely miss the lich. You headbutt the lich.
The lich is lightly damaged.
You block the lich's attack.
A shadow comes into view.
The smoke demon gestures at you. Something smites you!
* * * LOW HITPOINT WARNING * * *
The lich touches you.
* * * LOW HITPOINT WARNING * * *
The shadow moves out of view.
Okay, then.
You feel much better.
The lich splashes around in the water.
Okay, then.
You slash the lich! You freeze the lich. Your headbutt misses the lich.
The lich is moderately damaged.
You slash the ice beast!
The lich touches you but does no damage.
The smoke demon gestures at you. Something smites you!
* * * LOW HITPOINT WARNING * * *
The lich points at you and mumbles some strange words.
You feel yourself slow down.
You slash the lich!
The lich is moderately damaged.
You slash the ice beast! You block the lich's attack.
The ice beast hits you but does no damage.
The shadow slips into darkness.
The shadow flickers and vanishes!
Deactivating autopickup; reactivate with Ctrl-A.
The smoke demon gestures at you. Something smites you!
* * * LOW HITPOINT WARNING * * *
The lich mumbles some strange words.
The lich flickers and vanishes!
The ice beast hits you but does no damage.
You hit something. You headbutt something. You hit the ice beast.
You block something's attack. The ice beast misses you.
The smoke demon gestures at you. The ball of steam misses you.
You hear a splashing noise.
Something touches you but does no damage.
The ice beast closely misses you.
You slice something!! You freeze something. Your headbutt misses something.
You hit the ice beast but do no damage. You closely miss the smoke demon.
You miss something.
You are engulfed in a cloud of scalding steam.
You die...

≈≈≈... . ≈.... #..
≈... .. ##.# ≈≈.##
#.#
#...###...###...
.#..∩.≈#.....#....
.......≈≈{.......
.....§{@3..#
#...≈≈≈Y..## #
##.###≈#.##
.###...≈≈≈...##
..# ..≈≈#.≈≈≈.#. .
... ............ .
#.$...#.≈[..#...
#...##≈.≈≈≈##... #
# .###≈#.≈≈# .#


You could see a smoke demon and an ice beast.

Vanquished Creatures
  A deep elf knight (D:10)
  An ancient zyme (Abyss:3)
  Prince Ribbit (D:5)
  Sigmund (D:2)
  2 wyverns
  Eustachio (D:5)
  3 steam dragons
  A water moccasin (D:9)
  2 ice beasts
  A black bear (D:6)
  2 hornet zombies
  3 ogres (D:4)
  3 centaurs
  2 phantoms (D:7)
  2 kobold brigands
  4 bullfrogs
  Blork the orc (D:5)
  2 scorpions
  A wyvern skeleton (D:7)
  A water moccasin skeleton (D:6)
  5 wights (D:6)
  3 howler monkeys (D:7)
  A vampire bat (D:4)
  A bullfrog skeleton (D:4)
  2 jellies
  A quasit (Abyss:3)
  Crazy Yiuf (D:2)
  3 orc priests
  A centaur skeleton (D:6)
  5 centaur zombies
  Ijyb (D:4)
  4 iguanas
  Natasha (D:2)
  3 orc wizards
  A hound skeleton (D:5)
  2 howler monkey skeletons (D:6)
  7 gnolls
  4 adders (D:2)
  A white imp (D:5)
  2 ufetubi (D:6)
  2 adder skeletons (D:4)
  3 worms
  2 dart slugs (D:2)
  3 fire bats (D:4)
  10 orcs
  2 spectral bats (D:4)
  3 ball pythons
  15 bats
  3 bat skeletons (D:4)
  A bat zombie (D:4)
  8 endoplasms
  A giant cockroach (D:2)
  5 goblins
  13 hobgoblins
  3 jackals (D:3)
  18 kobolds
  10 quokkas
  A bat simulacrum (D:4)
  2 frilled lizards
  A jackal skeleton (D:4)
  4 rats
194 creatures vanquished.

Vanquished Creatures (others)
  5 plants (D:4)
5 creatures vanquished.

Grand Total: 199 creatures vanquished

Notes
Turn   | Place    | Note
-------+----------+-------------------------------------------
     0 | D:1      | EnegeticOcto the Minotaur Fighter began the quest for the
                  | Orb.
     0 | D:1      | Reached XP level 1. HP: 19/19 MP: 0/0
    84 | D:1      | Reached XP level 2. HP: 27/27 MP: 1/1
   240 | D:1      | Reached skill level 3 in Axes
   960 | D:2      | Reached XP level 3. HP: 28/33 MP: 2/2
   975 | D:2      | Reached XP level 4. HP: 6/40 MP: 3/3
  1253 | D:2      | Found a faded altar of an unknown god.
  1320 | D:2      | Reached skill level 4 in Axes
  1463 | D:2      | Noticed Natasha
  1469 | D:2      | Killed Natasha
  1717 | D:2      | Noticed Sigmund
  1739 | D:2      | Killed Sigmund
  1740 | D:2      | Reached skill level 5 in Axes
  1740 | D:2      | Reached XP level 5. HP: 17/47 MP: 4/4
  1740 | D:2      | Reached XP level 6. HP: 21/55 MP: 5/5
  1989 | D:2      | Found a runed translucent door.
  1990 | D:2      | Noticed Crazy Yiuf
  2186 | D:2      | Killed Crazy Yiuf
  2187 | D:2      | Reached skill level 5 in Armour
  2393 | D:3      | Reached skill level 5 in Shields
  2468 | D:3      | Reached skill level 5 in Fighting
  3182 | D:4      | Noticed Ijyb
  3196 | D:4      | Killed Ijyb
  3197 | D:4      | Reached skill level 6 in Axes
  3395 | D:4      | Reached XP level 7. HP: 47/61 MP: 6/6
  3820 | D:4      | Found a hazy altar of Hepliaklqana.
  3858 | D:4      | Reached skill level 7 in Axes
  4318 | D:5      | Entered Level 5 of the Dungeon
  4414 | D:5      | Identified a scroll of acquirement
  4414 | D:5      | Acquired 876 gold pieces
  4495 | D:5      | Reached XP level 8. HP: 61/70 MP: 7/7
  4716 | D:5      | Noticed Blork the orc
  4720 | D:5      | Killed Blork the orc
  4721 | D:5      | Reached skill level 8 in Axes
  4780 | D:5      | Noticed Eustachio
  4795 | D:5      | Killed Eustachio
  4837 | D:5      | Noticed Prince Ribbit
  4905 | D:5      | Killed Prince Ribbit
  5457 | D:6      | Found a snail-covered altar of Cheibriados.
  5464 | D:6      | Found a shadowy altar of Dithmenos.
  5464 | D:6      | Found a glowing silver altar of Zin.
  5464 | D:6      | Found an iron altar of Okawaru.
  5464 | D:6      | Found a shimmering altar of Xom.
  5465 | D:6      | Found a stormy altar of Qazlal.
  5466 | D:6      | Found a white marble altar of Elyvilon.
  5467 | D:6      | Found a shimmering blue altar of Sif Muna.
  5468 | D:6      | Found a broken altar of Ashenzari.
  5486 | D:6      | Became a worshipper of Cheibriados the Contemplative
  5668 | D:6      | Found a staircase to the Ecumenical Temple.
  5830 | D:6      | Found a blossoming altar of Fedhas.
  5871 | D:6      | Reached skill level 9 in Axes
  5939 | D:6      | Reached skill level 1 in Invocations
  5939 | D:6      | Reached XP level 9. HP: 78/79 MP: 8/8
  6368 | D:7      | Reached * piety under Cheibriados
  6990 | D:7      | Reached skill level 10 in Axes
  7563 | D:8      | Found a staircase to the Lair.
  7773 | D:8      | Reached ** piety under Cheibriados
  7882 | D:8      | Found a sparkling altar of Nemelex Xobeh.
  7883 | D:8      | Found an opulent altar of Gozag.
  8109 | D:9      | Reached XP level 10. HP: 52/88 MP: 11/11
  8111 | D:9      | Reached skill level 1 in Dodging
  9185 | D:10     | Entered Level 10 of the Dungeon
  9374 | D:10     | Reached skill level 11 in Axes
  9383 | D:10     | Noticed Erica
  9384 | D:10     | Noticed an orc knight
  9384 | D:10     | Noticed a deep elf knight
  9390 | D:10     | Noticed a wizard
  9392 | D:10     | Killed a deep elf knight
  9399 | D:10     | Cast into level 3 of the Abyss (a wizard)
  9399 | Abyss:3  | Found a corrupted altar of Lugonu.
  9473 | Abyss:3  | Noticed a lich
  9475 | Abyss:3  | Noticed a smoke demon
  9484 | Abyss:3  | Engulfed by a smoke demon's steam

Illustrated notes

Levels and vault maps discovered:
D:1:      elethiomel_arrival_infinity_welcomes_careful_drivers,
          layout_loops_cross, supply_closet_lemuel,
          chequers_serial_rivers_room_a
D:2:      layout_basic, shapermc_ecumenical_altar_venn, uniq_sigmund,
          uniq_natasha, uniq_crazy_yiuf_cottage
D:3:      layout_basic, minmay_unequal
D:4:      layout_basic, nicolae_hepliaklqana_hazy_memory, minmay_misc_feat_five,
          goddamned_bats, uniq_ijyb
D:5:      layout_gridville, minivault_24, uniq_eustachio, uniq_prince_ribbit1,
          uniq_blork_the_orc
D:6:      layout_loops_corners, minitemple, fedhas_altar_fruit_tree,
          minmay_temple_entry_glassed_door
D:7:      layout_basic
D:8:      layout_basic, grunt_temple_overflow_opulence, lair_entry_dummy
D:9:      layout_layer_cave
D:10:     layout_gridville, enter_bailey_2, sword_in_stone
Abyss:3:  base: D:2, evilmike_abyss_exit_7, nicolae_abyss_rune_left_handed

Skill      XL: |  1  2  3  4  5  6  7  8  9 10 |
---------------+-------------------------------+-----
Axes           | 3 5 6 7 9 10 11 | 11.3
Fighting       | 4 5 6 7 8 |  8.7
Armour         | 4 5 6 7 8 |  8.8
Shields        | 4 5 6 7 8 |  8.8
Invocations    | 1 3 4 |  4.0
Dodging        | 2 |  2.3

Action                   |  1- 3 |  4- 6 |  7- 9 | 10-12 || total
-------------------------+-------+-------+-------+-------++-------
Melee: War axe           |    62 |   151 |   257 |    43 ||   513
       Headbutt          |     7 |    26 |    48 |    12 ||    93
  Use: Scroll            |       |    10 |     7 |     2 ||    19
       Potion            |       |       |       |     4 ||     4
Armor: Scale mail        |    27 |    51 |   103 |       ||   181
       Chain mail        |       |       |    33 |    33 ||    66
Dodge: Dodged            |    12 |    43 |    86 |    32 ||   173
Block: Kite shield       |    35 |    88 |   184 |    35 ||   342
